 Dungeon Crawl Stone Soup version 0.29.1-15-g9cfb28693d (webtiles) character file.

Game seed: 13971564301285673957

13157 Eitelfritz the Severer (level 12, -6/105 HPs)
             Began as a Hill Orc Fighter on Apr 8, 2023.
             Was a High Priest of Zin.
             Mangled by a catoblepas (21 damage)
             ... on level 10 of the Dungeon.
             The game lasted 00:19:50 (11470 turns).

Eitelfritz the Severer (Hill Orc Fighter)          Turns: 11470, Time: 00:19:51

Health: -6/105     AC: 29    Str: 21    XL:     12   Next: 3%
Magic:  19/19      EV:  8    Int:  8    God:    Zin [*****.]
Gold:   594        SH:  5    Dex: 10    Spells: 11/11 levels left

rFire   + . .      SeeInvis +   l - +0 morningstar
rCold   . . .      Faith    .   c - +0 buckler
rNeg    + . .      Spirit   .   r - +18 Lear's hauberk
rPois   .          Reflect  .   (helmet currently unavailable)
rElec   .          Harm     .   (no cloak)
rCorr   .          Rampage  .   (gloves currently unavailable)
Will    +....                   (boots currently unavailable)
Stlth   ..........              (no amulet)
HPRegen 0.27/turn               n - ring of willpower
MPRegen 0.16/turn               z - ring of Benevolence {rF+ rN+ Str-3 SInv}

@: hasted, very quick
A: no striking features
a: Renounce Religion, Recite, Vitalisation, Imprison, Sanctuary, Donate Gold


You were on level 10 of the Dungeon.
You worshipped Zin.
Zin was extremely pleased with you.
You visited 2 branches of the dungeon, and saw 11 of its levels.

You collected 660 gold pieces.
You donated 66 gold pieces to Zin.

Inventory:

Hand Weapons
 a - a +5 war axe
 b - a +0 sling
 l - a +0 morningstar (weapon)
 I - a +0 war axe
Missiles
 y - 11 boomerangs (quivered)
 C - 25 poisoned darts
Armour
 c - a +0 buckler (worn)
 p - a +0 helmet
 q - a +0 chain mail
 r - the +18 Lear's hauberk (worn)
   (You found it on level 3 of the Dungeon)
 F - a +0 pair of gloves
 H - a +0 plate armour
 K - a +0 pair of boots
 L - a +0 troll leather armour
Jewellery
 d - the ring of Maasu Sosox {Ice Int+5}
   (You found it on level 8 of the Dungeon)

   [ring of ice]

   It enhances your ice magic.
   Int:       It affects your intelligence (+5).
   rF:        It makes you vulnerable to fire.
   rC:        It protects you from cold.
 g - a ring of protection from cold
 j - a ring of magical power
 n - a ring of willpower (left hand)
 v - a +6 ring of strength
 w - a ring of protection from fire
 z - the ring of Benevolence (right hand) {rF+ rN+ Str-3 SInv}
   (You found it on level 6 of the Dungeon)

   [ring of see invisible]

   Str:       It affects your strength (-3).
   rF:        It protects you from fire.
   rN:        It protects you from negative energy.
   SInv:      It lets you see invisible.
 J - the ring "Etianisuit" {rElec rC+ Dex+2}
   (You found it on level 8 of the Dungeon)

   [ring of protection from cold]

   Dex:       It affects your dexterity (+2).
   rC:        It protects you from cold.
   rElec:     It insulates you from electricity.
 M - a +6 ring of intelligence
Wands
 B - a wand of flame (27)
 D - a wand of digging (4)
 E - a wand of paralysis (30)
 G - a wand of acid (6)
Scrolls
 e - 2 scrolls of blinking
 h - 3 scrolls of teleportation
 o - a scroll of fog
 N - a scroll of magic mapping
 O - 2 scrolls of identify
Potions
 f - 4 potions of mutation
 i - a potion of haste
 k - 2 potions of ambrosia
 m - 2 potions of magic
 s - 3 potions of curing
 t - 2 potions of attraction
 u - 4 potions of flight
 x - 2 potions of brilliance
 A - a potion of lignification


   Skills:
 + Level 9.4 Fighting
 + Level 15.2(15.3) Axes
 + Level 2.0(8.5) Maces & Flails
 + Level 9.2 Armour
 + Level 2.7 Dodging
 + Level 2.9 Stealth
 + Level 6.2 Shields
 * Level 10.1 Invocations


You had 11 spell levels left.
You didn't know any spells.
Your spell library contained the following spells:

 Spells                   Type           Power      Damage    Failure   Level
 Sandblast                Erth           0%         2d4       98%         1
 Shock                    Conj/Air       0%         1d3       98%         1
 Sting                    Tmut/Pois      0%         1d3       98%         1
 Blink                    Tloc           0%         N/A       99%         2
 Ensorcelled Hibernation  Hex/Ice        0%         N/A       99%         2
 Passwall                 Tmut/Erth      0%         N/A       99%         2
 Poisonous Vapours        Pois/Air       0%         N/A       99%         2
 Frozen Ramparts          Ice            0%         1d1       100%        3
 Lesser Beckoning         Tloc           0%         N/A       100%        3
 Spider Form              Tmut/Pois      0%         N/A       100%        3
 Stone Arrow              Conj/Erth      0%         3d7       100%        3
 Swiftness                Air            0%         N/A       100%        3
 Airstrike                Air            0%         2d(0-16)  100%        4
 Anguish                  Hex/Necr       0%         N/A       100%        4
 Cause Fear               Hex            0%         N/A       100%        4
 Ice Form                 Ice/Tmut       0%         N/A       100%        4
 Olgreb's Toxic Radiance  Pois           0%         N/A       100%        4
 Summon Ice Beast         Ice/Summ       0%         N/A       100%        4
 Summon Lightning Spire   Summ/Air       0%         N/A       100%        4
 Alistair's Intoxication  Tmut/Pois      0%         N/A       100%        5
 Borgnjor's Vile Clutch   Necr/Erth      0%         N/A       100%        5
 Manifold Assault         Tloc           0%         N/A       100%        5
 Eringya's Noxious Bog    Tmut/Pois      0%         N/A       100%        6
 Dragon Form              Tmut           0%         N/A       100%        7
 Storm Form               Tmut/Air       0%         N/A       100%        7
 Maxwell's Capacitive Co  Air            0%         ∞         100%        8
 Dragon's Call            Summ           0%         N/A       100%        9


Dungeon Overview and Level Annotations

Branches:
Dungeon (10/15)            Temple (1/1) D:4            Lair (0/5) D:10
    Orc (0/2) D:9

Altars:
Ashenzari
Cheibriados
Dithmenos
Elyvilon
Fedhas
Gozag
Hepliaklqana
Kikubaaqudgha
Makhleb
Nemelex Xobeh
Okawaru
Ru
Sif Muna
Trog
Uskayaw
Vehumet
Wu Jian
Xom
Yredelemnul
Zin
The Shining One
Lugonu

Annotations:
D:6 3 runed translucent doors, CatalinOSBI's ghost, novice DENe; ripuliukko's ghost, novice GrFi


Message History

Your base Maces & Flails skill increases to level 1!
Your Invocations skill increases to level 10!
You puncture the deep elf zephyrmancer!
The deep elf zephyrmancer is heavily wounded.
The deep elf zephyrmancer hits you but does no damage.
Unknown command.
You puncture the deep elf zephyrmancer!
The deep elf zephyrmancer is almost dead.
The deep elf zephyrmancer hits you but does no damage.
Unknown command.
You puncture the deep elf zephyrmancer!
You kill the deep elf zephyrmancer!
Your surroundings suddenly seem different.
A boulder beetle, a deep elf pyromancer and a catoblepas come into view.
Found six items.
The deep elf pyromancer shouts!
The catoblepas bellows!
Your base Maces & Flails skill increases to level 2!
You have reached level 12!
Activating: Sanctuary (19% risk of failure)
Press: ? - help, Dir - look around, f - activate You fail to use your ability.
The catoblepas breathes a plume of calcifying dust at you.
The blast of calcifying dust hits you but does no damage.
The blast of calcifying dust hits the boulder beetle.
The deep elf pyromancer hits you but does no damage.
The boulder beetle is engulfed in calcifying dust.
The boulder beetle is moving more slowly.
The boulder beetle barely misses you.
Unknown command.
The boulder beetle is engulfed in calcifying dust.
The boulder beetle stops moving altogether!
The boulder beetle is engulfed in calcifying dust.
You see here a scroll of identify.
O - 2 scrolls of identify (gained 1)
The deep elf pyromancer is engulfed in calcifying dust.
The deep elf pyromancer is moving more slowly.
The deep elf pyromancer casts a spell.
The boulder beetle is engulfed in calcifying dust.
The catoblepas gores you!!
You die...

#... +...
#... ###.
## #+###
#.§.[
#..§.###
#...§@.#
#(...BY###
.
###...e.$#
..
#[.....#
...
###..E.#
#?...#
###### ##
#. ##


You could see a catoblepas, a boulder beetle (petrified), a deep elf pyromancer
(petrifying) and a fire elemental (summoned).

Vanquished Creatures
  A hydra (D:10)
  A deep elf pyromancer (D:8)
  A deep elf zephyrmancer (D:10)
  A wolf spider (D:10)
  A manticore (D:8)
  2 cyclopes
  An unseen horror (shapeshifter) (D:8)
  2 trolls (D:10)
  A meliai (shapeshifter) (D:8)
  A slime creature (D:9)
  6 wyverns
  A vampire (D:9)
  A wraith (D:6)
  24 yaks
  2 basilisks
  Eustachio (D:5)
  4 water moccasins
  9 orc warriors
  An ogre (D:4)
  2 black bears (D:6)
  A sky beast (D:6)
  3 centaurs
  3 phantoms
  3 kobold brigands
  A necrophage (D:6)
  4 bullfrogs
  A gnoll sergeant (D:7)
  A scorpion (D:5)
  9 wights
  2 howler monkeys (D:8)
  3 crimson imps (D:10)
  3 hounds
  A jelly (D:4)
  A gnoll bouda (D:4)
  5 orc priests
  8 orc wizards
  8 adders
  11 gnolls
  A shadow imp (D:7)
  2 white imps
  4 worms
  3 dart slugs
  38 orcs
  5 bats
  6 endoplasms
  5 giant cockroaches
  10 goblins
  12 hobgoblins
  2 jackals (D:2)
  3 quokkas
  4 ball pythons
  6 frilled lizards
  20 kobolds
  3 rats
255 creatures vanquished.

Vanquished Creatures (others)
  An orc (D:9)
  27 fungi
  21 plants
49 creatures vanquished.

Grand Total: 304 creatures vanquished

Notes
Turn   | Place    | Note
-------+----------+-------------------------------------------
     0 | D:1      | Eitelfritz the Hill Orc Fighter began the quest for the
                  | Orb.
     0 | D:1      | Reached XP level 1. HP: 19/19 MP: 1/1
    97 | D:1      | Reached XP level 2. HP: 19/27 MP: 2/2
   403 | D:1      | Found a faded altar of an unknown god.
  1137 | D:2      | Reached XP level 3. HP: 31/31 MP: 3/3
  1143 | D:2      | Reached skill level 3 in Axes
  1583 | D:2      | Reached XP level 4. HP: 40/40 MP: 4/4
  1996 | D:2      | Reached skill level 4 in Axes
  2253 | D:3      | Found the +18 Lear's hauberk
  2667 | D:4      | Found a staircase to the Ecumenical Temple.
  2695 | Temple   | Entered the Ecumenical Temple
  2727 | Temple   | Became a worshipper of Zin the Law-Giver
  2727 | Temple   | Reached * piety under Zin
  2752 | D:4      | Reached XP level 5. HP: 47/47 MP: 5/5
  2800 | D:4      | Reached skill level 5 in Axes
  2800 | D:4      | Reached skill level 1 in Invocations
  3260 | D:4      | Reached XP level 6. HP: 43/53 MP: 7/7
  3486 | D:4      | Reached skill level 6 in Axes
  3749 | D:5      | Entered Level 5 of the Dungeon
  3889 | D:5      | Found a burning altar of Makhleb.
  3931 | D:5      | Reached skill level 7 in Axes
  3931 | D:5      | Reached XP level 7. HP: 36/60 MP: 7/9
  4134 | D:5      | Noticed Eustachio
  4161 | D:5      | Killed Eustachio
  4472 | D:5      | Found an iron altar of Okawaru.
  4659 | D:5      | Reached ** piety under Zin
  4769 | D:5      | Noticed a wyvern
  4776 | D:5      | Killed a wyvern
  4777 | D:5      | Reached skill level 8 in Axes
  5215 | D:6      | Found a shadowy altar of Dithmenos.
  5252 | D:6      | Identified the ring of Benevolence {rF+ rN+ Str-3 SInv}
  5330 | D:6      | Noticed a cyclops
  5348 | D:6      | Reached XP level 8. HP: 58/67 MP: 11/11
  5354 | D:6      | Reached skill level 5 in Fighting
  5354 | D:6      | Reached skill level 1 in Dodging
  5363 | D:6      | Killed a cyclops
  5364 | D:6      | Reached skill level 9 in Axes
  5364 | D:6      | Reached skill level 5 in Armour
  5364 | D:6      | Reached skill level 5 in Invocations
  5388 | D:6      | Reached skill level 10 in Axes
  5388 | D:6      | Reached XP level 9. HP: 60/75 MP: 11/13
  5956 | D:6      | Reached *** piety under Zin
  6165 | D:6      | Found a runed translucent gate.
  6165 | D:6      | Found a runed translucent gate.
  6169 | D:6      | Found a runed translucent gate.
  6170 | D:6      | Noticed ripuliukko's ghost (novice GrFi)
  6170 | D:6      | Noticed CatalinOSBI's ghost (novice DENe)
  6633 | D:7      | Reached **** piety under Zin
  6818 | D:7      | Reached skill level 11 in Axes
  6952 | D:7      | Found a shimmering blue altar of Sif Muna.
  6961 | D:7      | Found a sacrificial altar of Ru.
  7150 | D:8      | Found a blossoming altar of Fedhas.
  7230 | D:8      | Found an opulent altar of Gozag.
  7274 | D:8      | Reached skill level 1 in Stealth
  7388 | D:8      | Noticed a cyclops
  7404 | D:8      | Killed a cyclops
  7405 | D:8      | Reached skill level 12 in Axes
  7405 | D:8      | Reached skill level 5 in Shields
  7665 | D:8      | Identified the +1 chain mail of the Battered Dreams {Harm
                  | rN+ rCorr}
  7727 | D:8      | Found a radiant altar of Vehumet.
  7773 | D:8      | Reached XP level 10. HP: 48/86 MP: 15/15
  8034 | D:8      | Found a sparkling altar of Nemelex Xobeh.
  8258 | D:8      | Reached ***** piety under Zin
  8259 | D:8      | Noticed a deep elf pyromancer
  8276 | D:8      | Killed a deep elf pyromancer
  8301 | D:8      | Noticed a manticore
  8303 | D:8      | Noticed an unseen horror
  8303 | D:8      | a raiju changed into an unseen horror
  8312 | D:8      | Killed an unseen horror
  8312 | D:8      | Killed a manticore
  8313 | D:8      | Reached skill level 13 in Axes
  8569 | D:8      | Identified the ring of Maasu Sosox {Ice Int+5}
  8637 | D:8      | Identified the ring "Etianisuit" {rElec rC+ Dex+2}
  9012 | D:9      | Reached XP level 11. HP: 81/94 MP: 17/17
  9014 | D:9      | Reached skill level 14 in Axes
  9386 | D:9      | Found a staircase to the Orcish Mines.
  9548 | D:9      | Found a broken altar of Ashenzari.
  9551 | D:9      | Found an ancient bone altar of Kikubaaqudgha.
 10352 | D:10     | Entered Level 10 of the Dungeon
 10996 | D:10     | Found a shimmering altar of Xom.
 11208 | D:10     | Reached skill level 15 in Axes
 11393 | D:10     | Found a staircase to the Lair.
 11434 | D:10     | Noticed a seven-headed hydra
 11434 | D:10     | Noticed a boulder beetle
 11434 | D:10     | Noticed a deep elf zephyrmancer
 11434 | D:10     | Noticed a wolf spider
 11452 | D:10     | Killed a seven-headed hydra
 11462 | D:10     | Killed a wolf spider
 11463 | D:10     | Reached skill level 1 in Maces & Flails
 11463 | D:10     | Reached skill level 10 in Invocations
 11465 | D:10     | Killed a deep elf zephyrmancer
 11465 | D:10     | Noticed a boulder beetle
 11465 | D:10     | Noticed a deep elf pyromancer
 11465 | D:10     | Noticed a catoblepas
 11466 | D:10     | Reached XP level 12. HP: 14/105 MP: 19/19
 11470 | D:10     | Mangled by a catoblepas

Illustrated notes

Levels and vault maps discovered:
D:1:      eino_arrival_cavern_b, layout_basic, basic_ecumenical_altar,
          minivault_14
D:2:      layout_loops_ring, minmay_crystal_water, grunt_decor_mini_mirrors
D:3:      layout_rooms
D:4:      layout_basic, minmay_temple_entry_water_ring
D:5:      layout_loops_ring, lemuel_doored_altar, kennysheep_mini_moat,
          serial_aquarium, aquarium_bridge_square [aquarium_subvault_bridge,
          aquarium_subvault_bridge, aquarium_subvault_wall,
          aquarium_subvault_window], aquarium_window_corner, aquarium_window_1,
          aquarium_window_corridor_1, aquarium_view_2c, aquarium_view_2d,
          aquarium_balcony_3a, supply_closet_lemuel, minmay_misc_feat_columns,
          minmay_fountain_box, uniq_eustachio
D:6:      cheibrodos_fzero, layout_loops_ring, mainiacjoe_overflow_catwalk,
          gammafunk_ghost_cemetery, sigmund_army
D:7:      layout_gridville, mainiacjoe_overflow_swirl
D:8:      minmay_cut_squares, layout_loops_ring,
          mainiacjoe_overflow_tiny_flanked, marbit_many_paths, fedhas_altar_3,
          nemelex_xobeh_ov_fountains_minmay, kennysheep_generic_room_5
D:9:      layout_irregular_city, cheibrodos_ashenzari_chains,
          overflow_temple_1_default, david_orc_4, minmay_bent
D:10:     layout_basic, led_xom_imps, nicolae_qazlal_scattered_showers,
          minmay_lair_entry_grove, special_room [special_room_bee],
          dreamdust_mushroom_princess, nicolae_rejected_hall, uniq_lodul
Temple:   corrupted_temple

Skill      XL: |  1  2  3  4  5  6  7  8  9 10 11 |
---------------+----------------------------------+-----
Fighting       | 4 6 7 8 9 |  9.4
Axes           | 3 4 5 7 8 10 12 13 15 | 15.2
Armour         | 4 5 6 8 9 |  9.2
Invocations    | 1 2 4 5 7 8 10 | 10.1
Shields        | 4 5 6 |  6.2
Dodging        | 1 2 |  2.7
Stealth        | 1 2 |  2.9
Maces & Flails | 2 |  2.0

Action                   |  1- 3 |  4- 6 |  7- 9 | 10-12 || total
-------------------------+-------+-------+-------+-------++-------
Melee: War axe           |    96 |   173 |   298 |   322 ||   889
       Morningstar       |       |       |       |    22 ||    22
 Fire: Sling             |       |     3 |       |       ||     3
Invok: Recite            |       |       |     4 |     6 ||    10
  Use: Scroll            |       |    10 |     2 |     9 ||    21
       Potion            |       |       |     2 |     3 ||     5
 Stab: Confused          |       |       |     1 |     3 ||     4
       Invisible         |       |       |       |     4 ||     4
       Paralysed         |       |       |       |     4 ||     4
Armor: Scale mail        |    52 |    25 |       |       ||    77
       Chain mail        |       |    65 |   193 |   292 ||   550
Dodge: Dodged            |    46 |    74 |   103 |   113 ||   336
Block: Buckler           |    23 |    43 |    64 |    69 ||   199
